slyhack, chaotic male human Rogue ----- ------.- |>..| ----------- |......| |...| |..........% |..^^..| ##-...| |........%|# --+------------- #.......| # ----- -.------.--### #................##########|....).| # # # # ###|..............| ---.---- # # # ### ###|...............#### # # # # # #...............| # # # # # ### ---------------- # # ## # # # # --|----- ## # ##[f##@Jk##############-<.....| -.---|-- # # # |......| |......| # # ---+-----####....^..| |.......############################ |.......|# -------- |......| # *# # #* |.......|# |......| # |........# |......| |.......| -------- --------- slyhack the Pilferer Experience level: 11 Strength: 18/01 Dexterity: 18 Constitution: 18 Intelligence: 10 Wisdom: 13 Charisma: 8 Health: 0(81) Energy: 45(45) Def: 15 Gold: 0 Moves: 31671 Dungeon seed: axSv24ZyhXqXCVIO Game ID: slyhack_1475258699 Your Inventory: Amulets l - an uncursed amulet of reflection (being worn) Weapons a - a blessed +1 elven dagger named +1 (weapon in hand) b - 10 uncursed +0 daggers (in quiver) Armor o - an uncursed +0 dwarvish mithril-coat (being worn) p - a blessed +0 dwarvish iron helm (being worn) C - an uncursed +0 oilskin cloak (being worn) F - an uncursed +2 pair of iron shoes (being worn) G - an uncursed +0 pair of leather gloves (being worn) S - an uncursed +0 small shield (being worn) Comestibles N - 2 uncursed lizard corpses Wands g - an uncursed wand of teleportation (0:3) D - an uncursed wand of digging (0:8) Y - an uncursed wand of fire (0:7) Tools k - an uncursed skeleton key s - an uncursed +0 unicorn horn w - an uncursed magic whistle B - an uncursed bag of holding L - an uncursed magic lamp (lit) P - an uncursed towel Contents of the bag of holding: 20070 gold pieces an uncursed +0 silver saber an uncursed +0 dented pot an uncursed +0 dwarvish cloak an uncursed +0 dwarvish iron helm a blessed +0 pair of high boots an uncursed +1 small shield an uncursed C-ration an uncursed K-ration 2 uncursed bananas an uncursed carrot 4 uncursed food rations 3 uncursed fortune cookies 3 uncursed lizard corpses 2 uncursed tripe rations an uncursed scroll of charging an uncursed scroll of teleportation an uncursed potion of confusion an uncursed potion of gain energy a cursed potion of object detection an uncursed ring of levitation an uncursed ring of protection from shape changers an uncursed wand of digging (0:2) an uncursed wand of enlightenment (0:11) an uncursed wand of light (0:14) an uncursed wand of sleep (0:3) an uncursed wand of striking (0:8) an uncursed wand of teleportation (0:6) an uncursed wand of undead turning (0:4) an uncursed bugle an uncursed bugle an uncursed bugle an uncursed +0 pick-axe an uncursed sack named COVER an uncursed tinning kit (0:59) an uncursed +0 unicorn horn an uncursed +0 unicorn horn an uncursed +0 unicorn horn an uncursed worthless piece of white glass an uncursed worthless piece of yellowish brown glass Spells and supernatural/magical abilities: Name Level Category Fail Memory W - pray for help -- divine ? -- Your skills at the end: Fighting Skills Weapon Skills dagger [Expert] short sword [Basic] Spellcasting Skills Final Attributes: You were piously aligned. You were cold resistant. You were sleep resistant. You were telepathic. You had automatic searching. You were stealthy. You had reflection. You are dead. Vanquished creatures: a captain a black pudding a vampire 3 ghosts 2 queen bees a mind flayer 2 giant mimics a rock troll an umber hulk a flesh golem a large mimic a wumpus a long worm a couatl 2 stalkers 2 air elementals a giant mummy 2 black nagas a xorn 2 giant zombies 7 sergeants 3 small mimics 2 warhorses 3 xans an ettin mummy 2 quantum mechanics 2 trolls a sasquatch a wood golem 2 gelatinous cubes 2 freezing spheres 4 flaming spheres 4 shocking spheres a tiger a gargoyle 3 dwarf kings 3 tengu 2 ochre jellies an energy vortex a mountain centaur a stone giant 2 elf mummies a human mummy a pit viper 2 cobras 2 carnivorous apes 2 ettin zombies a leather golem a soldier a succubus an incubus 3 chameleons 2 giant beetles a quivering blob 7 cockatrices 3 winter wolf cubs 2 lynxes a panther a gremlin 24 leprechauns 5 iron piercers a mumak 5 giant spiders a scorpion 2 horses 2 black lights 2 vampire bats 3 gnome kings an orc mummy 4 dwarf mummies a brown pudding 3 rust monsters 2 owlbears a yeti 3 gold golems a Green-elf 5 lizards a dog 4 dingos a jaguar 5 dwarf lords 2 blue jellies 5 white unicorns a gray unicorn 4 dust vortices 4 ravens 2 plains centaurs a gnome mummy 2 snakes 4 apes 6 human zombies 4 rope golems 2 soldier ants a fire ant 12 bugbears 3 wood nymphs 2 water nymphs 5 mountain nymphs 6 Mordor orcs 8 Uruk-hai 3 orc shamans 5 rock piercers 6 rock moles 2 ponies 3 fog clouds 8 yellow lights 5 shriekers 5 violet fungi 11 gnome lords 7 gnomish wizards 2 black naga hatchlings a golden naga hatchling 11 elf zombies 5 ghouls 2 straw golems 16 giant ants 3 little dogs 5 floating eyes a kitten 10 dwarves a homunculus 4 kobold lords 5 kobold shamans 19 hill orcs 16 rothes 2 rabid rats 2 centipedes 4 giant bats 4 monkeys 12 orc zombies 3 dwarf zombies 6 wererats 2 werejackals 6 iguanas 47 killer bees 11 acid blobs 14 coyotes 3 gas spores 8 hobbits 4 manes 3 large kobolds 23 hobgoblins 13 giant rats 24 cave spiders a brown mold 7 yellow molds 7 green molds 5 red molds 31 gnomes 12 garter snakes 4 gnome zombies 8 geckos 16 jackals 8 foxes 3 kobolds 10 goblins 4 sewer rats 15 grid bugs 3 bats 13 lichens 2 kobold zombies 23 newts 779 creatures vanquished. Voluntary challenges: You had been an atheist until turn 5777. You used a wielded weapon 1011 times, starting on turn 50. You read items or engraved 42 times, starting on turn 1806. You never genocided any monsters. You never polymorphed an object. You never changed form. You used no wishes. You never split a pudding. You wrote Elbereth's name 36 times, starting on turn 1806. You violated your moral code, losing 3 points of alignment, starting on turn 16064. Dungeon overview: The Dungeons of Doom: levels 1 to 23 Level 1 a sink a long staircase Level 2 a general store, a fountain, a sink stairs to The Gnomish Mines Level 3 (stash) a fountain Level 4 (Mjollnir) a general store, a fountain Level 5 a general store, a sink Level 6 many fountains Level 7 a fountain, a sink stairs to Sokoban Level 8 a throne Level 9 some altars to Issek and Mog, some fountains Level 10 Level 11 (STASH) an altar to Kos Level 12 Level 13 portal to The Quest Level 14 (STASH) Level 15 (giants) Level 16 Level 17 a sink Level 18 Level 19 a fountain Level 20 a sink Level 21 a general store, an altar to Issek, a fountain Level 22 <- You were here Level 23 The Gnomish Mines: levels 3 to 7 Level 3 stairs to The Dungeons of Doom Level 4 Level 5 Level 6 (stash) many shops, a temple to Kos, some fountains, a sink Level 7 The Quest: Level 1 portal to The Dungeons of Doom Sokoban: levels 3 to 6 Level 3 Level 4 Level 5 Level 6 (collect stash to DL11, make HW) stairs to The Dungeons of Doom History has recorded: On T:1 you entered the Dungeons of Doom to retrieve the Amulet of Yendor! On T:83 you reached level 2 of The Dungeons of Doom. On T:481 you reached level 3 of The Dungeons of Doom. On T:526 you reached level 1 of The Gnomish Mines. On T:877 you advanced to experience level 2. On T:1218 you reached level 4 of The Dungeons of Doom. On T:1221 you advanced to experience level 3. On T:1376 you reached level 5 of The Dungeons of Doom. On T:2021 you advanced to experience level 4. On T:2057 you reached level 2 of The Gnomish Mines. On T:2568 you reached level 6 of The Dungeons of Doom. On T:2940 you advanced to experience level 5. On T:3451 you reached level 7 of The Dungeons of Doom. On T:3818 you advanced to experience level 6. On T:3863 you reached level 4 of Sokoban. On T:4516 you reached level 3 of Sokoban. On T:5646 you advanced to experience level 7. On T:6299 you reached level 2 of Sokoban. On T:6797 you advanced to experience level 8. On T:6809 you reached level 1 of Sokoban. On T:8705 you reached level 8 of The Dungeons of Doom. On T:9966 you reached level 3 of The Gnomish Mines. On T:10409 you reached level 4 of The Gnomish Mines. On T:10601 you advanced to experience level 9. On T:11837 you reached level 5 of The Gnomish Mines. On T:15247 you reached level 9 of The Dungeons of Doom. On T:15569 you reached level 10 of The Dungeons of Doom. On T:15699 you reached level 11 of The Dungeons of Doom. On T:15920 you reached level 12 of The Dungeons of Doom. On T:16168 you reached level 13 of The Dungeons of Doom. On T:16267 you reached level 14 of The Dungeons of Doom. On T:16373 you reached level 1 of The Quest. On T:16888 you reached level 15 of The Dungeons of Doom. On T:17014 you advanced to experience level 10. On T:17218 you reached level 16 of The Dungeons of Doom. On T:18169 you reached level 17 of The Dungeons of Doom. On T:19637 you reached level 18 of The Dungeons of Doom. On T:20074 you reached level 19 of The Dungeons of Doom. On T:20262 you reached level 20 of The Dungeons of Doom. On T:20386 you reached level 21 of The Dungeons of Doom. On T:20502 you advanced to experience level 11. On T:20802 you reached level 22 of The Dungeons of Doom. On T:30590 you reached level 23 of The Dungeons of Doom. Score breakdown: Gold: 20070 (14635 points) Experience: 11 levels (17616 points) Exploration: 23 levels ( 44.23%) (19703 points) Discoveries: 35 items ( 11.74%) (10281 points) Valuables value: (no points given unless you survive) Artifact value: 0 ( 0 points) Variety of kills: 162 monsters ( 42.52%) (19562 points) Turncount: 31671 turns (-4081 points) Survival: died (score multiplied by 80%) Total score: 62172 Latest messages: You hear some noises in the distance. You hit the quantum mechanic! The quantum mechanic hits! You hit the quantum mechanic! The quantum mechanic hits! You kill the quantum mechanic! There are a few objects here. You hit the Mordor orc! The Mordor orc misses. You kill the Mordor orc! You hit the jabberwock! The jabberwock bites! (2x) The jabberwock hits! (2x) You hit the jabberwock! The jabberwock bites! (2x) The jabberwock hits! (2x) The jabberwock bites! (2x) The jabberwock hits! (2x) You die... The sack named COVER is empty. The sack named COVER is empty. Final status: Goodbye slyhack the Rogue, killed by a jabberwock... You died in The Dungeons of Doom on dungeon level 22 with 62172 points, and 20070 pieces of gold, after 31671 moves. You were level 11 with a maximum of 81 hit points when you died.